 Dungeon Crawl Stone Soup version 0.25-a0-860-gf695395b5c (webtiles) character file.

Game seed: 2723874283566342670, levelgen mode: deterministic

70 Bapho the Cudgeler (level 4, -6/28 HPs)
             Began as a Gargoyle Monk on Apr 29, 2020.
             Was an Initiate of Ru.
             Blown up by Ijyb (25 damage)
             ... with a disintegration bolt
             ... on level 3 of the Dungeon.
             The game lasted 00:03:44 (1613 turns).

Bapho the Cudgeler (Gargoyle Monk)                  Turns: 1613, Time: 00:03:46

Health: -6/28      AC: 11    Str: 14    XL:     4   Next: 21%
Magic:  4/4        EV:  6    Int: 10    God:    Ru [......]
Gold:   69         SH:  0    Dex: 12    Spells: 3/3 levels left

rFire    . . .     SeeInvis .   a - +0 mace
rCold    . . .     Gourm    .   (no shield)
rNeg     + . .     Faith    .   d - +0 chain mail
rPois    ∞         Spirit   .   (no helmet)
rElec    +         Reflect  .   (no cloak)
rCorr    .         Harm     .   (no gloves)
MR       .....                  (no boots)
Stlth    ..........             (no amulet)
HPRegen  0.09/turn              (no ring)
MPRegen  0.09/turn              (no ring)

@: no status effects
A: negative energy resistance 1, electricity resistance, weak 1, unbreathing,
petrification resistance, rot immunity, AC +3
a: Renounce Religion


You were on level 3 of the Dungeon.
You worshipped Ru.
Ru was noncommittal.
You were not hungry.

You visited 1 branch of the dungeon, and saw 3 of its levels.

You collected 69 gold pieces.

Inventory:

Hand Weapons
 a - a +0 mace (weapon)
Missiles
 e - 24 stones (quivered)
 n - 16 sling bullets
Armour
 b - a +0 robe
 d - a +0 chain mail (worn)
Jewellery
 p - a +3 ring of evasion {unknown}
 v - an uncursed ring of positive energy {unknown}
Scrolls
 f - 3 scrolls of remove curse {unknown}
 g - a scroll of fear {unknown}
 h - a scroll of magic mapping {unknown}
 i - 3 scrolls of fog {unknown}
 j - a scroll of immolation {unknown}
 l - 2 scrolls of teleportation {unknown}
 m - 3 scrolls of identify {unknown}
 q - a scroll of random uselessness {unknown}
 s - a scroll of blinking {unknown}
 u - a scroll of amnesia {unknown}
Potions
 k - 2 potions of flight {unknown}
 o - a potion of berserk rage {unknown}
 r - a potion of invisibility {unknown}
 w - a potion of curing {unknown}
Comestibles
 c - 2 rations


   Skills:
 - Level 3.2 Fighting
 + Level 4.9 Maces & Flails
 - Level 2.4 Dodging
 - Level 2.1 Stealth


You had 3 spell levels left.
You didn't know any spells.
Your spell library was empty.

Dungeon Overview and Level Annotations

Branches:
Dungeon (3/15)

Altars:
Nemelex Xobeh
Ru

Annotations:
D:3 Ijyb


Innate Abilities, Weirdness & Mutations

You are resistant to torment.
Your stone body is resilient. (AC +3)
You are immune to poison.
You resist negative energy. (rN+)
You are resistant to electric shocks. (rElec)
You are weak. (Str -2)
You can survive without breathing.
You are immune to petrification.
You are immune to rotting.


Message History

You are too injured to fight recklessly!
You are too injured to fight recklessly!
You are too injured to fight recklessly!
You are too injured to fight recklessly!
You sock the centaur skeleton!
The centaur skeleton is severely damaged.
The centaur skeleton hits you but does no damage.
The giant cockroach barely misses you.
You sock the centaur skeleton!
You destroy the centaur skeleton!
You have reached level 4!
You feel stronger. The giant cockroach bites you.
You hit the giant cockroach.
You kill the giant cockroach!
Ijyb the Twisted Goblin comes into view.
She is carrying a wand of disintegration (14).
Ijyb shouts!
Ijyb zaps a wand.
You are blasted!
Ouch! That really hurt!
You die...

.# .####.
#####.....g
#.........#
.#####.<.......#
..........$....#
######.........#
#..@.......
#.........#
#.........#
#...?.....#
..##+##.... ###
###.


You could see Ijyb.

Vanquished Creatures
  A centaur skeleton (D:3)
  A giant cockroach (D:3)
  8 goblins
  7 hobgoblins
  6 jackals (D:2)
  4 kobolds (D:1)
  A quokka (D:2)
  A ball python (D:2)
  2 bats
  A frilled lizard (D:1)
  A rat (D:1)
33 creatures vanquished.

Notes
Turn   | Place    | Note
-------+----------+-------------------------------------------
     0 | D:1      | Bapho the Gargoyle Monk began the quest for the Orb.
     0 | D:1      | Reached XP level 1. HP: 14/14 MP: 1/1
   172 | D:1      | Reached XP level 2. HP: 19/19 MP: 2/2
   389 | D:1      | You fall into a shaft and drop 1 floor!
   545 | D:1      | Reached skill level 4 in Maces & Flails
   853 | D:2      | Reached XP level 3. HP: 23/23 MP: 3/3
  1090 | D:2      | Found a sacrificial altar of Ru.
  1212 | D:2      | Became a worshipper of Ru the Awakened
  1219 | D:2      | Gained mutation: You are weak. (Str -2) [Ru sacrifice]
  1505 | D:2      | Found a sparkling altar of Nemelex Xobeh.
  1609 | D:3      | Reached XP level 4. HP: 20/28 MP: 4/4
  1613 | D:3      | Noticed Ijyb
  1613 | D:3      | Blown up by Ijyb

Levels and vault maps discovered:
D:1:      eino_arrival_cavern_d, layout_loops_ring, nrook_mini_vaults
D:2:      layout_basic, lemuel_coloured_pillars_altar, marbit_many_paths,
          serial_curves, eino_curves_03, eino_curves_04
D:3:      minmay_roachtagon, layout_loops_ring, portal_sewer_entry_b,
          dk_noncrumbling_3, uniq_natasha, uniq_ijyb

Skill      XL: |  1  2 |
---------------+-------+-----
Maces & Flails | 4 |  4.9
Fighting       | |  3.2
Dodging        | |  2.4
Stealth        | |  2.1

Action                   |  1- 3 |  4- 6 || total
-------------------------+-------+-------++-------
Melee: Mace              |    93 |     1 ||    94
Throw: Stone             |    84 |       ||    84
Invok: Sacrifice Purity  |     1 |       ||     1
  Eat: Chunk             |     2 |       ||     2
Armor: Chain mail        |    54 |       ||    54
Dodge: Dodged            |    39 |       ||    39

Table legend:
 A = Non-vault XP
 B = Vault XP
 C = Vault XP percentage of total XP
 D = Non-vault monster count
 E = Vault monster count
 F = Vault count percentage of total count
                 A         B        C        D         E       F
            +---------+---------+-------+---------+---------+-------
      Total |      98 |       2 |   2.0 |      32 |       1 |   3.0
            +---------+---------+-------+---------+---------+-------
        D:1 |      27 |       0 |   0.0 |      16 |       0 |   0.0
        D:2 |      27 |       2 |   6.9 |      14 |       1 |   6.7
        D:3 |      44 |       0 |   0.0 |       2 |       0 |   0.0
            +---------+---------+-------+---------+---------+-------
